 Dungeon Crawl Stone Soup version 0.29.1-15-g9cfb28693d (webtiles) character file.

Game seed: 10033091429857107819

52 protoss039 the Sneak (level 3, 0/20 HPs)
             Began as a Tengu Enchanter on Mar 25, 2023.
             Slain by a giant cockroach (2 damage)
             ... on level 2 of the Dungeon.
             The game lasted 00:01:43 (879 turns).

protoss039 the Sneak (Tengu Enchanter)               Turns: 879, Time: 00:01:43

Health: 0/20       AC:  5    Str:  8    XL:     3   Next: 85%
Magic:  7/7        EV: 10    Int: 15    God:
Gold:   56         SH:  0    Dex: 16    Spells: 4/6 levels left

rFire   . . .      SeeInvis .   f - +1 dagger (vamp)
rCold   . . .      Faith    .   (no shield)
rNeg    . . .      Spirit   .   d - +0 ring mail
rPois   .          Reflect  .   (helmet restricted)
rElec   .          Harm     .   (no cloak)
rCorr   .          Rampage  .   (no gloves)
Will    .....                   (boots unavailable)
Stlth   ++........              (no amulet)
HPRegen 0.06/turn               (no ring)
MPRegen 0.10/turn               (no ring)

@: no status effects
A: beak, talons 3
a: no special abilities


You were on level 2 of the Dungeon.
You visited 1 branch of the dungeon, and saw 2 of its levels.

You collected 56 gold pieces.

Inventory:

Hand Weapons
 f - a +1 vampiric dagger (weapon)
Missiles
 k - 3 poisoned darts (quivered)
Armour
 d - a +0 ring mail (worn)
Scrolls
 b - 2 scrolls of identify {unknown}
 g - a scroll of enchant armour {unknown}
 h - a scroll of butterflies {unknown}
 i - a scroll of immolation {unknown}
Potions
 a - a potion of degeneration {unknown}
 c - a potion of invisibility
 e - a potion of curing {unknown}
 j - a potion of haste {unknown}


   Skills:
 * Level 1.5 Fighting
 + Level 1.6 Short Blades
 + Level 0.2 Armour
 + Level 2.6 Dodging
 + Level 3.3 Stealth
 + Level 2.2 Spellcasting
 + Level 2.3 Hexes


You had 4 spell levels left.
You knew the following spells:

 Your Spells              Type           Power      Damage    Failure   Level
a - Ensorcelled Hibernat  Hex/Ice        10%        N/A       54%         2

Your spell library contained the following spells:

 Spells                   Type           Power      Damage    Failure   Level
 Confusing Touch          Hex            8%         N/A       61%         3
 Tukima's Dance           Hex            8%         N/A       61%         3
 Dazzling Flash           Conj/Hex       10%        N/A       77%         3


Dungeon Overview and Level Annotations

Branches:
Dungeon (2/15) Zot: 11125

Altars:

Shops:
D:1 [


Innate Abilities, Weirdness & Mutations

You have a beak for a mouth.
You have claws for feet.


Message History

The adder bites you.
You are poisoned.
The adder poisons you!
You miss the adder. Your kick misses the adder.
The adder is lightly wounded.
You feel sick. The adder bites you.
You are more poisoned.
The adder poisons you!
You hit the adder. You claw the adder, but do no damage. You peck the adder.
The adder is almost dead.
You feel sick. The adder bites you but does no damage.
The adder barely misses you.
You closely miss the adder.
The adder is almost dead.
You feel sick. The adder closely misses you.
You hit the adder.
You kill the adder!
You feel sick.
No target in view!
A worm and a giant cockroach come into view.
You feel sick.
You feel sick.
You feel sick.
You feel sick.
You are no longer poisoned.
You see here 3 poisoned darts.
k - 3 poisoned darts You hit the giant cockroach.
You feel better.
The giant cockroach is severely wounded.
The giant cockroach completely misses you.
You hit the giant cockroach but do no damage.
The giant cockroach is severely wounded.
The giant cockroach bites you but does no damage.
The worm bites you!
* * * LOW HITPOINT WARNING * * *
You hit the giant cockroach but do no damage.
Your kick misses the giant cockroach. Your peck misses the giant cockroach.
The giant cockroach is severely wounded.
The giant cockroach bites you.
You die...

#.# #### #....##.# #...
... #######.# ##...##.#
#.#
......#.#############.#
#....†..(.........†.#
.....#.###############
### #.# #B# #@# #w# #.#
#.# #.# ..# #.# ###


You could see a worm and a giant cockroach.

Vanquished Creatures
  A gnoll (D:1)
  An adder (D:2)
  2 dart slugs (D:1)
  7 ball pythons (D:1)
  A bat (D:1)
  An endoplasm (D:1)
  A giant cockroach (D:1)
  2 goblins (D:1)
  3 hobgoblins
  2 jackals (D:1)
  A quokka (D:1)
  A frilled lizard (D:1)
  3 kobolds (D:1)
  2 rats (D:1)
28 creatures vanquished.

Notes
Turn   | Place    | Note
-------+----------+-------------------------------------------
     0 | D:1      | protoss039 the Tengu Enchanter began the quest for the Orb.
     0 | D:1      | Reached XP level 1. HP: 10/10 MP: 4/4
    20 | D:1      | Reached XP level 2. HP: 16/16 MP: 6/6
   104 | D:1      | Reached skill level 1 in Fighting
   202 | D:1      | Reached XP level 3. HP: 20/20 MP: 7/7
   319 | D:1      | Found Nukkaa's Antique Armour Boutique.
   585 | D:1      | Found a faded altar of an unknown god.
   828 | D:1      | Learned a level 2 spell: Ensorcelled Hibernation
   879 | D:2      | Slain by a giant cockroach

Illustrated notes

Levels and vault maps discovered:
D:1:      spicycebolla_green_bress_n_ham, layout_basic,
          shapermc_ecumenical_altar_mp_vishouse, serial_shops, shop
D:2:      layout_basic

Skill      XL: |  1  2 |
---------------+-------+-----
Fighting       | 1 |  1.5
Short Blades   | |  1.6
Armour         | |  0.2
Dodging        | |  2.6
Stealth        | |  3.3
Spellcasting   | |  2.2
Hexes          | |  2.3

Action                   || total
-------------------------++-------
Melee: Dagger            ||    62
       Kick              ||    15
       Peck              ||    10
       Punch             ||     1
  Use: Potion            ||     1
 Stab: Sleeping          ||     7
       Invisible         ||     1
Armor: Ring mail         ||    18
       Robe              ||     1
Dodge: Dodged            ||    32
